cohdb
Replays
Latest Replays
All Replays
Popular Replays
Top Player Replays
Match Explorer
How It Works
Community
CoH3 Stats
Reddit
Sign in to upload your games and track your stats! →
Sign in with Steam
Match 42880102
Unlisted
Match 42880102
Overview
Messages
Build Orders
End
Construct Section Command Post
Vickers Machine Gun Team
Dingo Light Scout Car
Royal Engineer Section
Construct Platoon Command Post
Selects Indian Artillery Battlegroup
Selects War Cry
Selects Gurkha Rifles Section
Gurkha Rifles Section
6-pounder Anti-tank Gun Team
Unlock Bishop Self-propelled Artillery
Bishop Self-propelled Artillery
Construct Company Command Post
Foot Guards Section
Construct Field Infirmary
Foot Guards Section
Selects Volunteer Infantry
Unlock M3 Grant Medium Tanks
M3 Grant Medium Tank
Captain Slackbladder
★Kartoffel★Aquiles
JVM
THIS IS CORGI ♡
1º Fallschirm Pz Div ✠
Ranger1408
ROGUE ONE
sergio
0
0
Comments
sign in to comment!
No comments posted yet!